 Dungeon Crawl Stone Soup version 0.25.1-2-g60ff931df9 (webtiles) character file.

Game seed: 5382211777491942638

133 gruber the Slasher (level 4, -1/39 HPs)
             Began as a Minotaur Fighter on Dec 3, 2020.
             Succumbed to poison (poison gas)
             ... on level 2 of the Dungeon.
             The game lasted 00:01:34 (2404 turns).

gruber the Slasher (Minotaur Fighter)               Turns: 2404, Time: 00:01:35

Health: -1/39      AC:  9    Str: 19 (21) XL:     4   Next: 94%
Magic:  3/3        EV:  7    Int:  4 (5)  God:
Gold:   178        SH:  8    Dex:  7 (10) Spells: 3/3 levels left

rFire    . . .     SeeInvis +   a - +0 long sword
rCold    . . .     Gourm    .   c - +0 kite shield
rNeg     . . .     Faith    .   b - +0 scale mail
rPois    .         Spirit   .   (helmet restricted)
rElec    .         Reflect  .   p - +0 cloak
rCorr    .         Harm     .   k - +0 pair of gloves
MR       .....                  (no boots)
Stlth    ..........             (no amulet)
HPRegen  0.13/turn              l - ring of see invisible
MPRegen  0.08/turn              (no ring)

@: lethally poisoned (-1 -> -48)
A: retaliatory headbutt, horns 2
a: no special abilities


You were on level 2 of the Dungeon.
You were not hungry.

You visited 1 branch of the dungeon, and saw 3 of its levels.

You collected 178 gold pieces.

Inventory:

Hand Weapons
 a - a +0 long sword (weapon)
Armour
 b - a +0 scale mail (worn)
 c - a +0 kite shield (worn)
 k - a +0 pair of gloves (worn)
 p - a +0 cloak (worn)
Jewellery
 l - a ring of see invisible (left hand)
Scrolls
 e - a scroll of amnesia {unknown}
 i - 3 scrolls of enchant armour {unknown}
 n - a scroll of teleportation {unknown}
 o - 2 scrolls of identify {unknown}
 q - a scroll of enchant weapon {unknown}
 s - 2 scrolls of remove curse {unknown}
 t - a scroll of noise {unknown}
Potions
 d - 3 potions of might
 j - a potion of flight {unknown}
 m - a potion of mutation {unknown}
 r - a potion of lignification {unknown}
 u - a potion of magic {unknown}
Comestibles
 f - 5 rations


   Skills:
 - Level 3.6 Fighting
 + Level 6.3 Long Blades
 - Level 3.6 Armour
 - Level 3.6 Shields


You had 3 spell levels left.
You didn't know any spells.
Your spell library was empty.

Dungeon Overview and Level Annotations

Branches:
Dungeon (3/15)

Altars:
Wu Jian
Xom


Innate Abilities, Weirdness & Mutations

You reflexively headbutt those who attack you in melee.
You have a pair of horns on your head.


Message History

Unknown command.
Unknown command.
You hit Ijyb. You headbutt Ijyb.
You kill Ijyb!
Your Long Blades skill increases to level 6!
You are engulfed in poison gas.
You are more poisoned.
* * * LOW HITPOINT WARNING * * *
You feel very sick.
Unknown command.
Unknown command.
* * * LOW HITPOINT WARNING * * *
You feel very sick.
Things that are here:
a +3 leather armour of poison resistance a wand of clouds (5) It was a potion of degeneration.
There was something very wrong with that liquid.
You feel weakened.
You feel dopey.
You feel clumsy.
You die...

#.# #.#.##.# #.#
#.#.##.# ##+##
#.#.##.# ##...##
#......# ##.....##
####.####
##.......## ##§##.#
#........(####§○.#.#
'.........'..§§§§..#
#...).....####÷§@###
##.......## ##.##
##......# #.#
##.^^^.# #.#
##.^_^.# #.#
###...^^.# #.#
.........# #.#
#####.#### #.# #
##...##### #.#


There were no monsters in sight!

Vanquished Creatures
  Ijyb (D:2)
  An adder (D:2)
  4 gnolls
  2 worms (D:2)
  2 dart slugs (D:1)
  2 leopard geckos
  2 giant cockroaches
  8 goblins
  6 hobgoblins
  2 jackals (D:1)
  8 kobolds
  2 ball pythons (D:2)
  4 bats
  3 frilled lizards
  2 rats (D:1)
49 creatures vanquished.

Notes
Turn   | Place    | Note
-------+----------+-------------------------------------------
     0 | D:1      | gruber the Minotaur Fighter began the quest for the Orb.
     0 | D:1      | Reached XP level 1. HP: 19/19 MP: 0/0
    39 | D:1      | Reached skill level 3 in Long Blades
   159 | D:1      | Reached XP level 2. HP: 24/26 MP: 1/1
   503 | D:1      | Reached skill level 4 in Long Blades
   570 | D:1      | Reached XP level 3. HP: 27/31 MP: 2/2
  1118 | D:2      | Found a shimmering altar of Xom.
  1156 | D:2      | Reached skill level 5 in Long Blades
  1478 | D:2      | Found an ornate altar of the Wu Jian Council.
  1565 | D:2      | Reached XP level 4. HP: 39/39 MP: 3/3
  2394 | D:3      | Noticed Ijyb
  2402 | D:2      | Killed Ijyb
  2402 | D:2      | Reached skill level 6 in Long Blades
  2404 | D:2      | Succumbed to poison (poison gas)

Illustrated notes

Levels and vault maps discovered:
D:1:      minmay_arrival_solitary_statue, layout_basic
D:2:      layout_loops_corners, overflow_temple_1_default, xom_teletrap_fun
D:3:      layout_loops_ring, uniq_ijyb

Skill      XL: |  1  2  3  4 |
---------------+-------------+-----
Long Blades    | 3 4 5 6 |  6.3
Fighting       | |  3.6
Armour         | |  3.6
Shields        | |  3.6

Action                   |  1- 3 |  4- 6 || total
-------------------------+-------+-------++-------
Melee: Long sword        |   112 |    24 ||   136
       Headbutt          |    14 |     7 ||    21
  Use: Potion            |       |     1 ||     1
  Eat: Chunk             |     2 |     3 ||     5
Armor: Scale mail        |    53 |     6 ||    59
Dodge: Dodged            |    33 |     8 ||    41
Block: Kite shield       |    62 |     8 ||    70
       Rpst.: Long sword |     9 |     3 ||    12
